[Event "DLM Youth 2024"]
[Site "Tuebingen"]
[Date "2024.10.05"]
[Round "5"]
[White "Aguike, Toshiya"]
[Black "Dohon, Maria-Johanna"]
[Result "1-0"]
[ECO "B88"]
[WhiteElo "1719"]
[BlackElo "1717"]
[Annotator "NA RC"]
[PlyCount "117"]
[EventDate "2024.10.03"]
[EventType "team-swiss"]
[EventRounds "7"]
[EventCountry "GER"]
[SourceTitle "playchess.com"]
[Source "ChessBase"]
[SourceQuality "1"]
[TimeControl "40/5400+30:1800+30"]

1. e4 c5 2. Nf3 d6 3. d4 cxd4 4. Nxd4 Nf6 5. Nc3 Nc6 6. Bc4 e6 7. Nf3 Be7 8. O-O a6 9. a3 O-O 10. Bb3 Bd7 11. h3 Rc8 12. Qe2 b5 13. Rd1 Qc7 14. Bf4 h6 15. e5 dxe5 16. Nxe5 Nxe5 17. Bxe5 Qb7 18. Rd3 Bc6 19. Rg3 Rcd8 20. Re1 Kh7 21. Ba2 Rg8 22. Bb1 g6 23. Nd1 Ne4 24. Rf3 Bf8 25. c3 Nd2 26. Rd3 Rxd3 27. Bxd3 Nb3 28. Ne3 Nc5 29. Bc2 Nd7 30. Bg3 Bg7 31. f3 Qa7 32. Kh1 Qc5 33. f4 Nf6 34. Ng4 Nxg4 35. Qxg4 Rd8 36. Re2 Kg8 37. Bh4 Rb8 38. Qg3 Qb6 39. Qd3 a5 40. Bf2 Qb7 41. Bg3 Ra8 42. Be1 Bd5 43. b3 Rc8 44. Rf2 Bf6 45. Kh2 Qe7 46. Qxb5 Qxa3 47. c4 Bc6 48. Qa6 Qf8 49. Qxa5 Bd8 50. Qa6 Bf6 51. b4 Qe8 52. b5 Bd7 53. Bb3 Bd4 54. Ra2 Bc5 55. Bf2 Bxf2 56. Rxf2 Ra8 57. Qd6 Kg7 58. Rd2 Ra7 59. Qd4+ 1-0

[Event "DLM Youth 2024"]
[Site "Tuebingen"]
[Date "2024.10.05"]
[Round "5"]
[White "Rafikova, Ailin"]
[Black "Loos, Tilda"]
[Result "1/2-1/2"]
[ECO "B26"]
[WhiteElo "1707"]
[BlackElo "1700"]
[Annotator "NA RC"]
[PlyCount "43"]
[EventDate "2024.10.03"]
[EventType "team-swiss"]
[EventRounds "7"]
[EventCountry "GER"]
[SourceTitle "playchess.com"]
[Source "ChessBase"]
[SourceQuality "1"]
[TimeControl "40/5400+30:1800+30"]

1. e4 c5 2. Nc3 g6 3. g3 Bg7 4. Bg2 Nc6 5. d3 d6 6. Nge2 Rb8 7. Be3 b5 8. Qd2 b4 9. Nd1 e6 10. O-O Qc7 11. h3 a5 12. f4 Nge7 13. g4 O-O 14. Ng3 f5 15. g5 c4 16. h4 Ba6 17. Re1 d5 18. exf5 exf5 19. d4 Rb6 20. Rb1 Qd6 21. Kf2 a4 22. Bf3 1/2-1/2

[Event "DLM Youth 2024"]
[Site "Tuebingen"]
[Date "2024.10.05"]
[Round "5"]
[White "Heidtkamp, Anna"]
[Black "Busch, Lara Sophie"]
[Result "0-1"]
[ECO "C50"]
[WhiteElo "1704"]
[BlackElo "1714"]
[Annotator "NA RC"]
[PlyCount "130"]
[EventDate "2024.10.03"]
[EventType "team-swiss"]
[EventRounds "7"]
[EventCountry "GER"]
[SourceTitle "playchess.com"]
[Source "ChessBase"]
[SourceQuality "1"]
[TimeControl "40/5400+30:1800+30"]

1. e4 e5 2. Nf3 Nc6 3. Bc4 Bc5 4. d3 Nf6 5. Nc3 d6 6. Bg5 h6 7. Be3 Bb6 8. Na4 Na5 9. Bb3 Nxb3 10. axb3 Ba5+ 11. Bd2 Bxd2+ 12. Qxd2 Be6 13. h3 Nh5 14. g4 Nf4 15. O-O-O g5 16. d4 f6 17. d5 Bd7 18. Ng1 Ke7 19. Ne2 Qe8 20. Nxf4 gxf4 21. Nc3 Qf7 22. f3 Rag8 23. Qf2 b6 24. Qe2 Qe8 25. Qa6 Qb8 26. Kd2 h5 27. Nb5 Bxb5 28. Qxb5 a5 29. Qc6 Qd8 30. Rdg1 h4 31. Rg2 Qd7 32. Qxd7+ Kxd7 33. Kc3 Rg5 34. Kc4 c6 35. Rd2 Rc8 36. dxc6+ Kxc6 37. Rd5 Rg7 38. c3 Rb7 39. Rhd1 b5+ 40. Kd3 Rd8 41. Kc2 Rbd7 42. Ra1 f5 43. gxf5 Rg7 44. Rh1 Rg2+ 45. Kc1 Rf2 46. Rd3 Rg8 47. Rd2 Rgg2 48. Rxf2 Rxf2 49. b4 axb4 50. cxb4 Rxf3 51. Rh2 Kd7 52. Rg2 Rg3 53. Rh2 Re3 54. Rg2 Rxe4 55. Rg7+ Kc6 56. f6 f3 57. f7 Rf4 58. Rg1 Rxf7 59. Kd2 e4 60. Ke3 d5 61. Rg6+ Kc7 62. Rg1 Rf5 63. Kd4 Kd6 64. b3 f2 65. Rf1 Rf3 0-1

[Event "DLM Youth 2024"]
[Site "Tuebingen"]
[Date "2024.10.05"]
[Round "5"]
[White "Andersen, Jonathan"]
[Black "Fischermann, Simon"]
[Result "1-0"]
[ECO "C45"]
[WhiteElo "1676"]
[BlackElo "1873"]
[Annotator "NA RC"]
[PlyCount "79"]
[EventDate "2024.10.03"]
[EventType "team-swiss"]
[EventRounds "7"]
[EventCountry "GER"]
[SourceTitle "playchess.com"]
[Source "ChessBase"]
[SourceQuality "1"]
[TimeControl "40/5400+30:1800+30"]

1. e4 e5 2. Nf3 Nc6 3. d4 exd4 4. Nxd4 Qf6 5. Be3 Bc5 6. c3 Nge7 7. Qd2 d5 8. Nb5 Bxe3 9. Qxe3 O-O 10. Nxc7 d4 11. cxd4 Nxd4 12. Bd3 Qb6 13. Nxa8 Qxb2 14. O-O Qxa1 15. Qd2 Nf3+ 16. gxf3 Bh3 17. Rc1 Qf6 18. Bf1 Bxf1 19. Rxf1 Ng6 20. Qe3 Rxa8 21. Nc3 Rc8 22. Nd5 Qa6 23. f4 Kh8 24. h4 Nxh4 25. Qh3 Qc4 26. Qxh4 Qxe4 27. Ne3 g5 28. Qg4 Rg8 29. f5 Qe5 30. Rd1 Qf4 31. Rd4 b5 32. Rxf4 gxf4 33. Qxg8+ Kxg8 34. Nd5 Kg7 35. Kg2 Kh6 36. Kf3 Kg5 37. Ke4 f3 38. Nc7 b4 39. Na6 h5 40. Nxb4 1-0

[Event "DLM Youth 2024"]
[Site "Tuebingen"]
[Date "2024.10.05"]
[Round "5"]
[White "Huppert, Anna"]
[Black "Tu, Tiffany"]
[Result "1-0"]
[ECO "C54"]
[WhiteElo "1661"]
[BlackElo "1675"]
[Annotator "NA"]
[PlyCount "177"]
[EventDate "2024.10.03"]
[EventType "team-swiss"]
[EventRounds "7"]
[EventCountry "GER"]
[SourceTitle "playchess.com"]
[Source "ChessBase"]
[SourceQuality "1"]
[TimeControl "40/5400+30:1800+30"]

1. e4 e5 2. Nf3 Nc6 3. Bc4 Nf6 4. d3 Bc5 5. c3 d6 6. Nbd2 Be6 7. Bb3 a6 8. Nf1 Ba7 9. h3 Ne7 10. Ng3 Ng6 11. d4 exd4 12. cxd4 O-O 13. O-O Re8 14. Re1 c6 15. Bg5 h6 16. Bd2 Qd7 17. Bxe6 Rxe6 18. Qc2 Rae8 19. Re3 d5 20. e5 Nh7 21. Rae1 Qd8 22. Rb3 Qd7 23. Nf5 Bb8 24. Nh2 Ne7 25. Ng3 Rg6 26. f4 f5 27. Ngf1 Ba7 28. Nf3 Rc8 29. Be3 h5 30. Nh4 Rh6 31. Ng3 Rf8 32. Qd1 g6 33. Rb4 Rc8 34. Qb3 Rc7 35. Rc1 Nf8 36. Ra4 Ne6 37. Qb4 Nc8 38. Ra3 Nb6 39. Rac3 Nc4 40. Ne2 a5 41. Qa4 b5 42. Qd1 Nxb2 43. Qe1 Nc4 44. Bf2 Qe7 45. Nf3 Qf8 46. Nd2 c5 47. Rd3 cxd4 48. Nxd4 Nc5 49. Rf3 Nxd2 50. Qxd2 Ne4 51. Qd1 Rxc1 52. Qxc1 Nxf2 53. Kxf2 Bxd4+ 54. Ke2 Rh7 55. Rd3 Qb4 56. Qc8+ Kg7 57. Qd7+ Kh6 58. Qxd5 Bc5 59. g4 Qe4+ 60. Qxe4 fxe4 61. g5+ Kg7 62. Rd7+ Kg8 63. Rd8+ Bf8 64. Ke3 Rc7 65. Kxe4 Rc4+ 66. Kd3 Kf7 67. Rd5 Rxf4 68. Rxb5 Ra4 69. Kc3 Rxa2 70. h4 Bb4+ 71. Kd4 Re2 72. Rb7+ Be7 73. Ra7 Ra2 74. Kd5 Rd2+ 75. Ke4 Re2+ 76. Kd5 Rd2+ 77. Ke4 Ra2 78. Kd5 a4 79. e6+ Ke8 80. Ra8+ Bd8 81. Kd6 a3 82. e7 Rd2+ 83. Ke6 Re2+ 84. Kf6 Rxe7 85. Kxg6 Re3 86. Kxh5 Kd7 87. g6 Rg3 88. Ra4 Ke7 89. Kh6 1-0

[Event "DLM Youth 2024"]
[Site "Tuebingen"]
[Date "2024.10.05"]
[Round "5"]
[White "Noennig, Lotte"]
[Black "Baklan, Kira"]
[Result "1/2-1/2"]
[ECO "C42"]
[WhiteElo "1658"]
[BlackElo "1550"]
[Annotator "NA RC"]
[PlyCount "94"]
[EventDate "2024.10.03"]
[EventType "team-swiss"]
[EventRounds "7"]
[EventCountry "GER"]
[SourceTitle "playchess.com"]
[Source "ChessBase"]
[SourceQuality "1"]
[TimeControl "40/5400+30:1800+30"]

1. e4 e5 2. Nf3 Nf6 3. Nxe5 Nxe4 4. Qe2 Qe7 5. Qxe4 d6 6. d4 dxe5 7. Qxe5 Qxe5+ 8. dxe5 Nc6 9. f4 Bf5 10. Bd3 Bxd3 11. cxd3 Nb4 12. Na3 Nxd3+ 13. Ke2 O-O-O 14. Rd1 Nxc1+ 15. Raxc1 Bxa3 16. bxa3 Rhe8 17. Kf3 Re6 18. Rb1 Rxd1 19. Rxd1 Rc6 20. Re1 Rc2 21. Re2 Rxe2 22. Kxe2 Kd7 23. Kd3 Ke6 24. Ke4 g6 25. g4 c6 26. a4 b6 27. Kd4 f6 28. exf6 Kxf6 29. Ke4 Ke6 30. Kd4 Kd6 31. f5 gxf5 32. gxf5 a6 33. Ke4 h6 34. Kd4 c5+ 35. Kc4 Ke5 36. a5 bxa5 37. a4 Kxf5 38. Kxc5 Kg4 39. Kb6 Kh3 40. Kxa6 Kxh2 41. Kxa5 Kg1 42. Kb6 h5 43. a5 h4 44. a6 h3 45. a7 h2 46. a8=Q h1=Q 47. Qxh1+ Kxh1 1/2-1/2

[Event "DLM Youth 2024"]
[Site "Tuebingen"]
[Date "2024.10.05"]
[Round "5"]
[White "Wang, Enya Marie"]
[Black "Hoffmann, Sophia"]
[Result "0-1"]
[ECO "C54"]
[WhiteElo "1613"]
[BlackElo "1718"]
[Annotator "NA RC"]
[PlyCount "60"]
[EventDate "2024.10.03"]
[EventType "team-swiss"]
[EventRounds "7"]
[EventCountry "GER"]
[SourceTitle "playchess.com"]
[Source "ChessBase"]
[SourceQuality "1"]
[TimeControl "40/5400+30:1800+30"]

1. e4 e5 2. Nf3 Nc6 3. Bc4 Bc5 4. c3 Nf6 5. d4 exd4 6. e5 d5 7. Bb5 Ne4 8. cxd4 Bb6 9. Nc3 O-O 10. Be3 Bg4 11. Qc2 Bf5 12. Qb3 Ne7 13. O-O c6 14. Be2 Ng6 15. Rfd1 f6 16. exf6 Qxf6 17. Bd3 Kh8 18. Qc2 Rae8 19. Na4 Bc7 20. Rac1 Nh4 21. Nxh4 Qxh4 22. h3 Rf6 23. Nc3 Bxh3 24. Nxd5 Rg6 25. Bxe4 Rxe4 26. Nxc7 Bxg2 27. f4 Rxe3 28. Rd2 Be4+ 29. Kf1 Qh1+ 30. Kf2 Qf3# 0-1

[Event "DLM Youth 2024"]
[Site "Tuebingen"]
[Date "2024.10.05"]
[Round "5"]
[White "Stiehler, Mara"]
[Black "Wolf, Helena"]
[Result "0-1"]
[ECO "C00"]
[WhiteElo "1601"]
[BlackElo "1545"]
[Annotator "NA RC"]
[PlyCount "90"]
[EventDate "2024.10.03"]
[EventType "team-swiss"]
[EventRounds "7"]
[EventCountry "GER"]
[SourceTitle "playchess.com"]
[Source "ChessBase"]
[SourceQuality "1"]
[TimeControl "40/5400+30:1800+30"]

1. Nf3 d5 2. g3 Nf6 3. Bg2 Nc6 4. O-O e6 5. d3 Bd6 6. Nbd2 O-O 7. e4 Re8 8. Re1 Bc5 9. Nf1 h6 10. e5 Nd7 11. d4 Bb6 12. c3 Ne7 13. h4 c5 14. N1h2 Nf5 15. h5 f6 16. g4 Ne7 17. Bf4 cxd4 18. cxd4 fxe5 19. Nxe5 Nxe5 20. Bxe5 Nc6 21. Nf3 Rf8 22. Qd3 Nxe5 23. Nxe5 Qf6 24. Re2 Bc7 25. Qc2 Bxe5 26. Rxe5 Qf4 27. Rd1 Qxg4 28. Rd3 Qh4 29. Qd2 Bd7 30. Rg3 Qf4 31. Ree3 Kh8 32. Rgf3 Qg5 33. Rh3 Rf7 34. Qd1 Raf8 35. Rhg3 Qe7 36. Rgf3 Rf4 37. Rxf4 Rxf4 38. Qd2 Qf6 39. Re5 Qh4 40. Qc2 Rxd4 41. Qe2 Qg4 42. f3 Qf4 43. Bh3 Qg3+ 44. Bg2 a6 45. Kf1 Bb5 0-1

[Event "DLM Youth 2024"]
[Site "Tuebingen"]
[Date "2024.10.05"]
[Round "5"]
[White "Krannich, Eva"]
[Black "Ratushna, Olha"]
[Result "1/2-1/2"]
[ECO "C55"]
[WhiteElo "1582"]
[BlackElo "1644"]
[Annotator "NA RC"]
[PlyCount "108"]
[EventDate "2024.10.03"]
[EventType "team-swiss"]
[EventRounds "7"]
[EventCountry "GER"]
[SourceTitle "playchess.com"]
[Source "ChessBase"]
[SourceQuality "1"]
[TimeControl "40/5400+30:1800+30"]

1. e4 e5 2. Nf3 Nc6 3. Bc4 Be7 4. d3 Nf6 5. Bb3 O-O 6. c3 d6 7. Nbd2 h6 8. Nf1 Be6 9. Bc2 Qd7 10. Ng3 a6 11. Qe2 Kh8 12. h3 Rae8 13. Nh4 Ng8 14. Nhf5 Bf6 15. Qf3 Nce7 16. O-O c5 17. Kh2 d5 18. Rd1 d4 19. c4 Qc8 20. Nd6 Qd7 21. Nxe8 Rxe8 22. a4 a5 23. b3 b6 24. Bd2 Nc6 25. Rf1 Bd8 26. Qe2 g5 27. Nh5 Kh7 28. Qe1 f6 29. Bd1 Nce7 30. Ng3 Ng6 31. Bh5 Rf8 32. Bxg6+ Kxg6 33. Qe2 Kh7 34. Qf3 g4 35. Qe2 gxh3 36. gxh3 Bxh3 37. Rg1 Qg4 38. Qxg4 Bxg4 39. Rae1 Be6 40. Kg2 Rf7 41. Rh1 Rg7 42. Kf1 Bg4 43. Nf5 Rg6 44. f4 Bc7 45. Nh4 Rg7 46. f5 Ne7 47. Ng6 Nxg6 48. Rxh6+ Kg8 49. Rxg6 Rxg6 50. fxg6 Kg7 51. Kf2 Kxg6 52. Rh1 Bh5 53. Rg1+ Kh7 54. Ke1 Bd8 1/2-1/2

[Event "DLM Youth 2024"]
[Site "Tuebingen"]
[Date "2024.10.05"]
[Round "5"]
[White "Lu, Sheng"]
[Black "Didas, Emma"]
[Result "1-0"]
[ECO "B09"]
[WhiteElo "1559"]
[BlackElo "1078"]
[Annotator "NA RC"]
[PlyCount "75"]
[EventDate "2024.10.03"]
[EventType "team-swiss"]
[EventRounds "7"]
[EventCountry "GER"]
[SourceTitle "playchess.com"]
[Source "ChessBase"]
[SourceQuality "1"]
[TimeControl "40/5400+30:1800+30"]

1. e4 d6 2. d4 Nf6 3. Nc3 g6 4. f4 c6 5. Nf3 Bg7 6. Bd3 b5 7. a3 Bd7 8. b4 Na6 9. h3 Qb6 10. Rb1 Nc7 11. Be3 Ng8 12. Qd2 Ne6 13. Be2 a6 14. d5 Qc7 15. dxe6 Bxe6 16. Bd4 f6 17. O-O Rd8 18. Rfd1 c5 19. Be3 cxb4 20. axb4 f5 21. Bd4 Nf6 22. exf5 Bxf5 23. Bd3 Bxd3 24. cxd3 O-O 25. Rdc1 Qd7 26. Qa2+ Kh8 27. Qxa6 Rb8 28. Ra1 Rb7 29. Ne2 Nd5 30. Bxg7+ Kxg7 31. Rab1 Nxf4 32. Nxf4 Rxf4 33. Qc6 Qxc6 34. Rxc6 h6 35. Kf2 Kf7 36. Ke3 Rf5 37. Ke4 Kf6 38. g4 1-0

[Event "DLM Youth 2024"]
[Site "Tuebingen"]
[Date "2024.10.05"]
[Round "5"]
[White "Albrecht, Sidney Jenna"]
[Black "Mersmann, Jasmin"]
[Result "1-0"]
[ECO "A17"]
[WhiteElo "1544"]
[BlackElo "1607"]
[Annotator "NA RC"]
[PlyCount "121"]
[EventDate "2024.10.03"]
[EventType "team-swiss"]
[EventRounds "7"]
[EventCountry "GER"]
[SourceTitle "playchess.com"]
[Source "ChessBase"]
[SourceQuality "1"]
[TimeControl "40/5400+30:1800+30"]

1. c4 e6 2. g3 Nf6 3. Nc3 d5 4. Bg2 dxc4 5. Qa4+ Bd7 6. Qxc4 Nc6 7. Nf3 Be7 8. O-O O-O 9. d4 Ne8 10. e4 Nd6 11. Qe2 f6 12. e5 fxe5 13. dxe5 Nf7 14. Rd1 Qc8 15. b3 Bc5 16. Ne4 Bb6 17. Bb2 Ne7 18. Rac1 a6 19. Qd2 Bc6 20. Nc5 Rd8 21. Qc2 Nd5 22. a3 Rf8 23. Rd2 Ba5 24. b4 Bb6 25. Re1 a5 26. Nd3 axb4 27. axb4 Ba4 28. Qc1 Bb5 29. Bc3 Ra4 30. Qb2 Qa8 31. Nc5 Ra2 32. Qxa2 Qxa2 33. Rxa2 Nxc3 34. Rc2 Nd5 35. Nxe6 Re8 36. Ned4 Bd3 37. Rb2 Bg6 38. Nb5 Nh6 39. Nh4 Nxb4 40. Ree2 Bd3 41. Red2 Bxb5 42. Rxb4 Ba5 43. Rxb5 Bxd2 44. Bxb7 Ng4 45. Nf3 Bc3 46. Bd5+ Kf8 47. e6 c6 48. Bxc6 Rxe6 49. Bd7 Re4 50. Bf5 Ra4 51. Bxh7 Ra2 52. Rb8+ Ke7 53. Rc8 Bb4 54. Rc4 Nf6 55. Rxb4 Nxh7 56. h4 Nf6 57. g4 Ra3 58. Ng5 Ra8 59. Rb7+ Kf8 60. Ne6+ Ke8 61. Nc7+ 1-0